 Dungeon Crawl Stone Soup version 0.29.1-2-gbd0b4ee654 (webtiles) character file.

Game seed: 9950979671697356795

296 GorkyZ the Trooper (level 6, -6/49 HPs)
             Began as a Demonspawn Fighter on Nov 20, 2022.
             Killed by divine providence
             ... invoked by an orc priest
              (10 damage)
             ... on level 4 of the Dungeon.
             The game lasted 00:08:03 (3246 turns).

GorkyZ the Trooper (Demonspawn Fighter)             Turns: 3246, Time: 00:08:04

Health: -6/49      AC: 11    Str: 19    XL:     6   Next: 12%
Magic:  6/6        EV:  7    Int:  9    God:
Gold:   264        SH:  4    Dex: 12    Spells: 5/5 levels left

rFire   . . .      SeeInvis .   a - +0 trident
rCold   . . .      Faith    .   c - +0 buckler
rNeg    . . .      Spirit   .   i - +0 chain mail
rPois   .          Reflect  .   (helmet restricted)
rElec   .          Harm     .   u - +0 cloak
rCorr   .          Rampage  .   (no gloves)
Will    .....                   (no boots)
Stlth   ..........              (no amulet)
HPRegen 0.16/turn               (no ring)
MPRegen 0.20/turn               (no ring)

@: no status effects
A: horns 1, magic regeneration, sharp scales 1
a: no special abilities


You were on level 4 of the Dungeon.
You visited 1 branch of the dungeon, and saw 4 of its levels.

You collected 264 gold pieces.

Inventory:

Hand Weapons
 a - a +0 trident (weapon)
 y - a +0 war axe
Missiles
 z - 2 silver boomerangs (quivered)
Armour
 b - a +0 scale mail
 c - a +0 buckler (worn)
 i - a +0 chain mail (worn)
 u - a +0 cloak (worn)
Jewellery
 k - a +4 ring of protection
Scrolls
 g - 6 scrolls of identify {unknown}
 j - 2 scrolls of enchant armour {unknown}
 m - a scroll of summoning {unknown}
 o - a scroll of silence {unknown}
 p - a scroll of poison {unknown}
 q - 4 scrolls of immolation {unknown}
 r - a scroll of vulnerability {unknown}
 s - 2 scrolls of magic mapping {unknown}
 t - a scroll of enchant weapon {unknown}
Potions
 d - 2 potions of might
 e - 3 potions of curing {unknown}
 f - a potion of lignification {unknown}
 h - 3 potions of heal wounds
 l - a potion of resistance {unknown}
 n - a potion of cancellation {unknown}
 v - a potion of ambrosia {unknown}
 w - a potion of invisibility {unknown}
 x - a potion of flight {unknown}


   Skills:
 + Level 4.6 Fighting
 - Level 1.7 Polearms
 + Level 3.0 Throwing
 + Level 4.2 Armour
 - Level 2.6 Shields


You had 5 spell levels left.
You didn't know any spells.
Your spell library contained the following spells:

 Spells                   Type           Power      Damage    Failure   Level
 Airstrike                Air            0%         2d(0-16)  100%        4
 Summon Lightning Spire   Summ/Air       0%         N/A       100%        4
 Lightning Bolt           Conj/Air       0%         1d11      100%        5


Dungeon Overview and Level Annotations

Branches:
Dungeon (4/15)
 Temple: D:4-7

Altars:
Uskayaw
Yredelemnul

Shops:
D:3 ((*!(


Innate Abilities, Weirdness & Mutations

You have a pair of small horns on your head.
You regenerate magic rapidly.
You are partially covered in razor-sharp scales. (AC +1, Slay +1)


Message History

You barely miss the orc priest.
The orc priest is moderately wounded.
You block the orc priest's attack. The orc priest hits you with a +0 club.
You puncture the orc priest!
The orc priest is almost dead.
The orc hits you from afar with a +4 trident.
The orc priest drinks a potion.
The orc priest is healed!
You hit the orc priest but do no damage.
Your headbutt misses the orc priest.
The orc hits you from afar with a +4 trident.
The orc priest hits you but does no damage.
You are too injured to fight recklessly!
You are too injured to fight recklessly!
You are too injured to fight recklessly!
You are too injured to fight recklessly!
You are too injured to fight recklessly!
You are too injured to fight recklessly!
You are too injured to fight recklessly!
Unknown command.
You barely miss the orc priest. The orc hits you but does no damage.
The orc priest barely misses you.
You hit the orc priest.
The orc priest is lightly wounded.
The orc hits you from afar with a +4 trident!
* * * LOW HITPOINT WARNING * * *
You block the orc priest's attack.
The orc hits you from afar with a +4 trident!
* * * LOW HITPOINT WARNING * * *
The orc priest hits you with a +0 club.
* * * LOW HITPOINT WARNING * * *
You hit the orc priest but do no damage.
The orc priest is lightly wounded.
The orc hits you but does no damage.
The orc priest hits you but does no damage.
You barely miss the orc priest. Your headbutt misses the orc priest.
The orc priest is lightly wounded.
You block the orc's attack.
The orc priest invokes the aid of Beogh against you.
Beogh smites you!
You die...

#.# #####..# #.#
#####..########
#.######..>...........
.............#.#######
#.######.#...#.# ####.
..######.#.#.#.####.....
.........#..............
#.......#####..)...#####
#..............P@P......
#........#####.._o.#####
#........ #.PoP.#
#........ #.....#
#........ ##.##.# # #..
.# ## .. ... ###


You could see an orc priest and an orc.

Vanquished Creatures
  3 orc priests
  An iguana (D:4)
  3 orc wizards
  2 adders (D:3)
  An ufetubus (D:3)
  A worm (D:3)
  3 dart slugs
  11 orcs
  6 endoplasms
  2 goblins
  5 hobgoblins
  11 kobolds
  2 quokkas (D:2)
  6 ball pythons
  8 bats
  3 frilled lizards (D:3)
  3 rats
71 creatures vanquished.

Notes
Turn   | Place    | Note
-------+----------+-------------------------------------------
     0 | D:1      | GorkyZ the Demonspawn Fighter began the quest for the Orb.
     0 | D:1      | Reached XP level 1. HP: 18/18 MP: 1/1
    79 | D:1      | Gained mutation: You have a pair of small horns on your
                  | head. [demonic ancestry]
    79 | D:1      | Reached XP level 2. HP: 23/24 MP: 2/2
   133 | D:1      | Reached skill level 1 in Throwing
   850 | D:2      | Gained mutation: You regenerate magic rapidly. [demonic
                  | ancestry]
   850 | D:2      | Reached XP level 3. HP: 29/29 MP: 3/3
  1763 | D:3      | Found Qatsoef's Antique Weapon Boutique.
  1885 | D:3      | Reached XP level 4. HP: 37/37 MP: 4/4
  1957 | D:3      | Found Joxzytz's General Store.
  1975 | D:3      | Found Loumus's Weapon Shop.
  2044 | D:3      | Found Urouxkel's Antique Weapon Boutique.
  2046 | D:3      | Found Vaul's Distillery.
  2253 | D:3      | Reached XP level 5. HP: 8/42 MP: 5/5
  3017 | D:4      | Found a hide-covered altar of Uskayaw.
  3160 | D:4      | Found a basalt altar of Yredelemnul.
  3175 | D:4      | Gained mutation: You are partially covered in razor-sharp
                  | scales. (AC +1, Slay +1) [demonic ancestry]
  3175 | D:4      | Reached XP level 6. HP: 43/49 MP: 6/6
  3246 | D:4      | Killed from afar by an orc priest

Illustrated notes

Levels and vault maps discovered:
D:1:      lightli_arrival_quake, layout_rooms, minivault_5
D:2:      layout_basic
D:3:      layout_loops_corners, serial_shops, shop, nicolae_square_shop,
          nicolae_shop_behind_doors, nicolae_shop_bloodbath_and_beyond,
          nicolae_diamond_shop, kennysheep_nub, nicolae_figureground_sparkle
D:4:      layout_basic, yredelemnul_altar_generic,
          nicolae_uskayaw_murder_on_the_dancefloor, mainiacjoe_overflow_alcove_2

Skill      XL: |  1  2  3  4  5  6 |
---------------+-------------------+-----
Throwing       | 1 2 3 |  3.0
Armour         | 3 4 |  4.2
Fighting       | 4 |  4.6
Polearms       | |  1.7
Shields        | |  2.6

Action                   |  1- 3 |  4- 6 || total
-------------------------+-------+-------++-------
Melee: Trident           |    91 |   127 ||   218
       Headbutt          |    12 |    12 ||    24
Armor: Scale mail        |     3 |       ||     3
       Chain mail        |    22 |    61 ||    83
Dodge: Dodged            |    10 |    34 ||    44
Block: Buckler           |    12 |    18 ||    30
